AoeStats
← Caronte

Nomad

506744937Analyzed
3v3 RM · 18d ago on Sep 14, 2026· 33m 36s· 6 players
Game mode
Random Map
Map size
210×210
Population
200
Speed
Normal
Resources
Standard
Victory
Conquest
Starting age
Dark Age
Ending age
Imperial Age
RankedLock teamsTeams togetherTeam positionsShared explorationLock speedFull tech treeHidden civsTurbo modeCheats
Victory
Defeat
🇨🇱 Muisca · Chile
997
+15
🇨🇱 Persians · Chile
995
+15
🇦🇷 Ethiopians · Argentina
898
+19
🇺🇸 Bohemians · United States
1001
-18
🇺🇸 Malay · United States
989
-17
🇨🇳 Wu · China
923
-14
shadynou25
5:55 Loom
15:13 Feudal Age
15:03 Fishing Lines
15:22 Double-Bit Axe
17:39 Wheelbarrow
19:28 Horse Collar
24:14 Castle Age
22:45 Arson
22:21 Man-at-Arms
23:55 Forging
24:10 Hand Cart
24:08 Bow Saw
23:59 Heavy Plow
24:19 Squires
23:59 Long Swordsman
27:54 Town Watch
29:47 Gold Mining
29:47 Stone Mining
31:17 Gold Shaft Mining
34:28 Iron Casting
dennisthemenace
6:50 Loom
14:24 Feudal Age
19:39 Castle Age
17:57 Fishing Lines
19:22 Town Watch
21:28 Wheelbarrow
投降是日本人
7:42 Loom
15:56 Feudal Age
21:55 Gold Mining
21:56 Stone Mining
22:15 Fishing Lines
25:22 Castle Age
diego02041989
9:39 Loom
10:34 Loom
12:43 Feudal Age
18:57 Castle Age
30:09 Horse Collar
33:45 Double-Bit Axe
Paquesito
11:57 Loom
14:28 Feudal Age
16:40 Fishing Lines
17:38 Gold Mining
17:36 Double-Bit Axe
22:53 Horse Collar
25:39 Castle Age
24:27 Fletching
25:28 Forging
25:18 Scale Mail Armor
29:41 Imperial Age
26:35 Champi Runner
27:16 Squires
27:46 Medium Warships
27:48 Clinker Construction
27:48 Careening
28:00 Chain Mail Armor
28:20 Iron Casting
28:45 Bodkin Arrow
30:56 Bracer
31:19 Dry Dock
Caronte
13:10 Feudal Age
14:47 Wheelbarrow
15:43 Fishing Lines
17:30 Double-Bit Axe
20:58 Gold Mining
26:01 Castle Age
26:07 Demolition Ship
26:59 Medium Warships
26:40 Gillnets
30:01 Hand Cart
29:32 Town Watch
33:16 Imperial Age
32:37 Scale Mail Armor
32:48 Forging
34:04 Padded Archer Armor
33:54 Fletching
Connection lost

Rejoining the realm…

Still unreachable

The connection could not be restored.

Session expired

The server has moved on; the page needs a fresh start.